 Dungeon Crawl Stone Soup version 0.31-a0-232-gb1c03b2570 (webtiles) character file.

Game seed: 15677651377046735175

21 qw the Shooter (level 2, -7/24 HPs)
             Began as a Minotaur Hexslinger on July 7, 2023.
             Mangled by a gnoll
             ... wielding a +0 halberd
              (9 damage)
             ... on level 2 of the Dungeon.
             The game lasted 00:00:16 (567 turns).

qw the Shooter (Minotaur Hexslinger)                 Turns: 567, Time: 00:00:16

Health: -7/24      AC:  3    Str: 12    XL:     2   Next: 65%
Magic:  2/2        EV: 11    Int: 10    God:
Gold:   70         SH:  0    Dex: 12    Spells: 2/3 levels left

rFire   . . .        Y - +0 longbow (flame)
rCold   . . .        (shield currently unavailable)
rNeg    . . .        j - +0 leather armour
rPois   .            (helmet restricted)
rElec   .            (no cloak)
rCorr   .            (no gloves)
SInv    .            (no boots)
Will    .....        (no amulet)
Stlth   +            (no ring)
HPRegen 0.24/turn    (no ring)
MPRegen 0.08/turn

%: no passive effects
@: no status effects
A: horns 2, retaliatory headbutt
a: no special abilities


You were on level 2 of the Dungeon.
You visited 1 branch of the dungeon, and saw 2 of its levels.

You collected 70 gold pieces.


Innate Abilities, Weirdness & Mutations

You have a pair of horns on your head.
You reflexively headbutt those who attack you in melee.


   Skills:
 - Level 2.0 Fighting
 + Level 3.3 Ranged Weapons
 - Level 2.1 Dodging
 - Level 1.0 Spellcasting
 - Level 2.0 Hexes


You had 2 spell levels left.
You knew the following spells:

 Your Spells              Type           Power      Damage    Failure   Level
a - Slow                  Hex            16%        N/A       19%         1

Your spell library contained the following spells:

 Spells                   Type           Power      Damage    Failure   Level
 Inner Flame              Hex/Fire       2%         N/A       65%         3
 Portal Projectile        Hex/Tloc       4%         N/A       65%         3
 Cause Fear               Hex            2%         N/A       88%         4

Inventory:

Hand Weapons
 Y - a +0 longbow of flaming (weapon)
Armour
 j - a +0 leather armour (worn)
Scrolls
 i - 2 scrolls of identify
Potions
 h - a potion of curing

Dungeon Overview and Level Annotations

Branches:
Dungeon (2/15)

Altars:

Annotations:
D:2 exclusion: 3 gnolls


Message History

The gnoll closely misses you.
You climb upwards.
There is a stone staircase leading down here.
You start resting.
HP restored.
Done exploring.
(D) Dungeon
Where to? (* - list waypoints, Enter - D:2, ? - help)
What level of the Dungeon? (default 1, ? - help)
You climb downwards.
There is a stone staircase leading up, spattered with blood here.
There are monsters nearby!
You shoot an arrow. The arrow closely misses the gnoll.
The gnoll barely misses you. The gnoll closely misses you.
You shoot an arrow. The arrow hits the gnoll!
The arrow burns the gnoll.
The gnoll is almost dead.
The gnoll barely misses you.
The gnoll hits you from afar with a +0 halberd!
504 ||| STAIRDANCE The gnoll hits you from afar with a +0 halberd!
You climb upwards.
There is a stone staircase leading down here.
You start resting.
HP restored.
Done exploring.
(D) Dungeon
Where to? (* - list waypoints, Enter - D:2, ? - help)
What level of the Dungeon? (default 1, ? - help)
You climb downwards.
There is a stone staircase leading up, spattered with blood here.
There are monsters nearby!
You shoot an arrow. The arrow closely misses the gnoll.
The gnoll closely misses you.
The gnoll hits you from afar with a +0 halberd! x2
The gnoll closely misses you.
The gnoll hits you from afar with a +0 spear.
567 ||| STAIRDANCE The gnoll misses you.
The gnoll hits you from afar with a +0 halberd!
You die...

#........
.........
####.#>.....
###..<......#
..?........
#....gg.###.
#...........
#...@)g.#
#..%....#
#.......#
#.##.##.# #.
#.# .# # #.#
. #.# . #.#
.#


You could see 3 gnolls.

Vanquished Creatures
  A dart slug (D:2)
  3 endoplasms (D:1)
  A giant cockroach (D:2)
  2 goblins
  A hobgoblin (D:1)
  3 ball pythons (D:1)
  3 bats
  2 kobolds (D:1)
  3 rats (D:1)
19 creatures vanquished.

Notes
Turn   | Place    | Note
-------+----------+-------------------------------------------
     0 | D:1      | qw the Minotaur Hexslinger began the quest for the Orb.
     0 | D:1      | Reached XP level 1. HP: 16/16 MP: 1/1
     0 | D:1      | 0 ||| qw: Version: 0.3-a-46-gb1f654a
     0 | D:1      | 0 ||| qw: Game counter: 2381
     0 | D:1      | 0 ||| qw: Melee chars always use a shield: true
     0 | D:1      | 0 ||| qw: God list: Okawaru
     0 | D:1      | 0 ||| qw: Allow faded altars: false
     0 | D:1      | 0 ||| qw: Do Orc after clearing Dungeon:15 true
     0 | D:1      | 0 ||| qw: Do second Lair branch before Depths: true
     0 | D:1      | 0 ||| qw: Lair rune preference: random
     0 | D:1      | 0 ||| qw: Goals: Normal
     0 | D:1      | 0 ||| PLANNING D:1-11
    72 | D:1      | Reached skill level 3 in Ranged Weapons
    72 | D:1      | Reached XP level 2. HP: 23/23 MP: 2/2
   333 | D:1      | 333 ||| UPGRADING to +0 leather armour.
   343 | D:1      | 343 ||| DROPPING +0 robe.
   344 | D:1      | 344 ||| READING scroll labelled BOHAQA TUEROE.
   345 | D:1      | 345 ||| READING scroll labelled DESSYDGHIDEM.
   345 | D:1      | Identified a scroll of acquirement
   345 | D:1      | 345 ||| ACQUIRING +0 longbow of flaming
   345 | D:1      | Acquired a +0 longbow of flaming
   347 | D:1      | 347 ||| SWAPPING to +0 longbow of flaming.
   348 | D:1      | 348 ||| DROPPING +1 sling.
   349 | D:1      | 349 ||| READING scroll labelled REHA GAEFIONAGH.
   350 | D:1      | 350 ||| READING 4 scrolls labelled ASMIUM AROEWN.
   351 | D:1      | 351 ||| DRINKING 2 inky potions.
   352 | D:1      | 352 ||| READING 3 scrolls of identify.
   352 | D:1      | 352 ||| IDENTIFYING fuming black potion
   353 | D:1      | 353 ||| DROPPING scroll of poison.
   354 | D:1      | 354 ||| DROPPING potion of berserk rage.
   366 | D:2      | HP: 5/24 [gnoll/+0 halberd (12)]
   367 | D:2      | 367 ||| STAIRDANCE
   367 | D:2      | HP: 1/24 [gnoll/+0 spear (2)]
   466 | D:2      | 466 ||| STAIRDANCE
   504 | D:2      | 504 ||| STAIRDANCE
   566 | D:2      | HP: 5/24 [gnoll/+0 halberd (8)]
   566 | D:2      | HP: 2/24 [gnoll/+0 spear (3)]
   567 | D:2      | 567 ||| STAIRDANCE
   567 | D:2      | Mangled by a gnoll

Levels and vault maps discovered:
D:1:      onia_arrival_handbag, layout_rooms
D:2:      layout_loops_ring, serial_bayou, serial_bayou_lagoon_b,
          serial_bayou_pond_d, serial_bayou_shore_b, serial_bayou_lake_a,
          uniq_terence

Skill      XL: |  1  2 |
---------------+-------+-----
Ranged Weapons | 3 |  3.3
Fighting       | 2 |  2.0
Dodging        | |  2.1
Spellcasting   | |  1.0
Hexes          | |  2.0

Action                     || total
---------------------------++-------
   Fire: Sling             ||    29
         Longbow           ||    10
    Use: Scroll            ||     5
         Potion            ||     1
 Armour: Robe              ||     2
         Leather armour    ||     2
  Dodge: Dodged            ||    16

Table legend:
 A = Non-vault XP
 B = Vault XP
 C = Vault XP percentage of total XP
 D = Non-vault monster count
 E = Vault monster count
 F = Vault count percentage of total count
                 A         B        C        D         E       F
            +---------+---------+-------+---------+---------+-------
      Total |      26 |       5 |  16.1 |      15 |       4 |  21.1
            +---------+---------+-------+---------+---------+-------
        D:1 |      18 |       5 |  21.7 |      11 |       4 |  26.7
        D:2 |       8 |       0 |   0.0 |       4 |       0 |   0.0
            +---------+---------+-------+---------+---------+-------
